 Dungeon Crawl Stone Soup version 0.31-a0-1101-g9ad1905 (webtiles) character file.

Game seed: 1163676098144427968

969 Kearsarge the Grappler (level 7, -5/51 HPs)
             Began as an Armataur Artificer on Dec 1, 2023.
             Killed themself with a badly aimed iceblast (19 damage)
             ... on level 5 of the Dungeon.
             The game lasted 00:04:29 (3703 turns).

Kearsarge the Grappler (Armataur Artificer)         Turns: 3703, Time: 00:04:29

Health: -5/51      AC: 21    Str: 16    XL:     7   Next: 94%
Magic:  7/7        EV:  5    Int: 14    God:
Gold:   220        SH:  0    Dex: 11    Spells: 6/6 levels left

rFire   + .          .
                       - Unarmed
rCold   . . .        (no shield)
rNeg    . . .        a - +10 chain mail "Ohitae" {rF+ Str-3 Int+3}
rPois   .            (no helmet)
rElec   .            q - scarf {shadows}
rCorr   .            (no gloves)
SInv    .            (no barding)
Will    .....        (no amulet) Stlth
                     l - +4 ring of protection
HPRegen 0.28/turn    (no ring)
MPRegen 0.10/turn

%: roll
@: no status effects
A: large, deformed body, tough skin 3, armoured tail, roll 2, long tongue
a: no special abilities


You were on level 5 of the Dungeon.
You visited 1 branch of the dungeon, and saw 5 of its levels.

You collected 220 gold pieces.

Inventory:

Missiles
 s - a throwing net
Armour
 a - the +10 chain mail "Ohitae" (worn) {rF+ Str-3 Int+3}
   (You found it on level 4 of the Dungeon)

   Str-3:     It affects your strength (-3).
   Int+3:     It affects your intelligence (+3).
   rF+:       It protects you from fire.
 q - a scarf of shadows (worn)
Jewellery
 l - a +4 ring of protection (left hand)
Wands
 c - a wand of flame (5) (quivered)
 d - a wand of charming (15)
 e - a wand of iceblast (3)
Scrolls
 b - 3 scrolls of identify {unknown}
 g - a scroll of enchant weapon
 h - 2 scrolls of teleportation
 j - a scroll of summoning {unknown}
 m - a scroll of fog
 n - a scroll of vulnerability
Potions
 f - 3 potions of heal wounds {unknown}
 i - 2 potions of berserk rage {unknown}
 k - a potion of lignification {unknown}
 o - a potion of attraction {unknown}
 p - 2 potions of curing {unknown}
 r - 2 potions of degeneration {unknown}


   Skills:
 - Level 0.8 Fighting
 - Level 2.4 Armour
 - Level 0.6 Dodging
 - Level 1.1 Stealth
 * Level 8.3 Unarmed Combat
 - Level 3.0 Evocations


You had 6 spell levels left.
You didn't know any spells.
Your spell library contained the following spells:

 Spells                   Type           Power      Damage    Failure   Level
 Ensorcelled Hibernation  Hex/Ice        0%         N/A       99%         2
 Passwall                 Tmut/Erth      0%         N/A       99%         2
 Scorch                   Fire           0%         2d5       99%         2
 Swiftness                Air            0%         N/A       100%        3
 Flame Wave               Conj/Fire      0%         2d4       100%        4
 Summon Cactus Giant      Summ           0%         N/A       100%        6


Dungeon Overview and Level Annotations

Branches:
Dungeon (5/15)
 Temple: D:4-7

Altars:
Vehumet


Innate Abilities, Weirdness & Mutations

Armour fits poorly on your strangely shaped body.
You have extremely tough skin. (AC +3)
You have a long armoured tail.
You roll and regenerate health when moving toward enemies. (Rampage Heal)
Your long tongue fully drains potion bottles. (2x potion effects)


Message History

You barely miss the gnoll.
Your tail-slap misses the gnoll.
The gnoll is moderately wounded.
The gnoll hits you but does no damage.
You closely miss the gnoll.
Your tail-slap misses the gnoll.
The gnoll is moderately wounded.
The gnoll hits you but does no damage.
An orc priest comes into view. It is wielding a +0 whip.
You closely miss the gnoll.
The gnoll is moderately wounded.
You hear some strange, mumbled words.
Something tries to affect you, but you resist.
The orc barely misses you. The gnoll hits you but does no damage.
An orc comes into view. It is wielding a +0 flail.
The orc shouts!
You hit the gnoll.
The gnoll is heavily wounded.
Something completely misses you. The orc hits you with a +0 short sword.
The gnoll barely misses you.
You hit the gnoll.
You kill the gnoll!
The orc hits you but does no damage. Something hits you.
You hit the orc.
The orc is moderately wounded.
The orc priest invokes the aid of Beogh against you.
Beogh smites you!
Something unexpectedly blocks you, preventing you from rolling!
You punch something!
Your tail-slap misses something.
Something hits you but does no damage. The orc hits you but does no damage.
The orc priest calls down the wrath of Beogh upon you.
Beogh smites you!
* * * LOW HITPOINT WARNING * * *
You are too injured to fight recklessly!
You are too injured to fight recklessly!
You are too injured to fight recklessly!
Aiming: Iceblast
Press: ? - help, Q - select action, (/) - cycle Shift-Dir - straight line The mass of ice explodes!
The iceblast engulfs something!
Reactivating autopickup.
You feel a bit more experienced. The iceblast engulfs you!!
You die...

###.# .. ..#.##..
##....... ......#
#########.....# #...
.....o)..?....# #...
...o.)@).†....# #...
#.o..))###....######...
.......+...............
#......###.............
#......# #.............
#......# #.............
#......# #............)
#####.........
#.........


You could see an orc priest and 2 orcs.

Vanquished Creatures
  Edmund (D:4)
  3 ogres
  2 phantoms (D:4)
  2 scorpions
  3 orc wizards
  A sleepcap (D:4)
  4 iguanas
  4 gnolls (D:5)
  5 adders
  3 worms
  A dart slug (D:2)
  3 orcs
  5 endoplasms
  2 giant cockroaches
  4 goblins
  9 hobgoblins
  8 jackals
  7 kobolds
  2 quokkas (D:1)
  8 ball pythons
  A bat (D:1)
  8 rats
86 creatures vanquished.

Notes
Turn   | Place    | Note
-------+----------+-------------------------------------------
     0 | D:1      | Kearsarge the Armataur Artificer began the quest for the
                  | Orb.
     0 | D:1      | Reached XP level 1. HP: 15/15 MP: 1/1
   134 | D:1      | Reached skill level 1 in Unarmed Combat
   423 | D:1      | Reached XP level 2. HP: 21/22 MP: 2/2
  1052 | D:2      | Reached skill level 2 in Unarmed Combat
  1251 | D:2      | Found a radiant altar of Vehumet.
  1305 | D:2      | Reached XP level 3. HP: 24/27 MP: 3/3
  1711 | D:3      | Reached skill level 3 in Unarmed Combat
  1911 | D:3      | Noticed a scorpion
  1916 | D:3      | Killed a scorpion
  1917 | D:3      | Reached skill level 4 in Unarmed Combat
  1917 | D:3      | Reached XP level 4. HP: 34/34 MP: 4/4
  1941 | D:3      | Reached XP level 5. HP: 37/39 MP: 5/5
  2393 | D:3      | Found a faded altar of an unknown god.
  2641 | D:4      | Reached skill level 5 in Unarmed Combat
  2647 | D:4      | Reached XP level 6. HP: 33/46 MP: 6/6
  2704 | D:4      | Identified the +10 chain mail "Ohitae" {rF+ Str-3 Int+3}
  2729 | D:4      | Noticed Edmund
  2757 | D:4      | Killed Edmund
  2758 | D:4      | Reached skill level 6 in Unarmed Combat
  2885 | D:4      | Gained mutation: You roll and regenerate health when moving
                  | toward enemies. (Rampage Heal) [Armataur growth]
  2885 | D:4      | Reached XP level 7. HP: 38/51 MP: 7/7
  3014 | D:4      | Reached skill level 7 in Unarmed Combat
  3507 | D:5      | Entered Level 5 of the Dungeon
  3600 | D:5      | Reached skill level 8 in Unarmed Combat
  3703 | D:5      | Killed themself with a badly aimed iceblast

Illustrated notes

Levels and vault maps discovered:
D:1:      orjb1_clovarrival, layout_loops_corners, minmay_misc_feat_x
D:2:      layout_basic, basic_altar, minmay_misc_feat_five
D:3:      layout_loops_ring, shapermc_ecumenical_altar_notcrosses
D:4:      layout_rooms, dreamdust_princess_corridor, nicolae_underground_beach,
          uniq_edmund
D:5:      layout_basic, uniq_eustachio

Skill      XL: |  1  2  3  4  5  6  7 |
---------------+----------------------+-----
Unarmed Combat | 1 2 4 5 6 8 |  8.3
Fighting       | |  0.8
Armour         | |  2.4
Dodging        | |  0.6
Stealth        | |  1.1
Evocations     | |  3.0

Action                     |  1- 3 |  4- 6 |  7- 9 || total
---------------------------+-------+-------+-------++-------
  Melee: Unarmed           |   140 |   114 |    92 ||   346
         Tailslap          |    17 |    20 |    11 ||    48
         Punch             |     2 |       |     3 ||     5
  Evoke: Wand              |     8 |     4 |       ||    12
    Use: Scroll            |       |     7 |       ||     7
   Stab: Sleeping          |     3 |     2 |       ||     5
 Armour: Leather armour    |    86 |    36 |       ||   122
         Chain mail        |       |    44 |    88 ||   132
  Dodge: Dodged            |    44 |    36 |    25 ||   105

Table legend: (Time is in decaauts)
 A = Elapsed time spent in this place.
 B = Non-inter-level travel time spent in this place.
 C = Inter-level travel time spent in this place.
 D = Time resting spent in this place.
 E = Time spent auto-exploring this place.
 F = Levels seen in this place.
 G = Mean time per level.
                   A        B        C        D        E       F      G
               +--------+--------+--------+--------+--------+-----+--------+
         Total |   3674 |   3526 |    148 |    122 |   2800 |   5 |  734.8 |
       Dungeon |   3674 |   3526 |    148 |    122 |   2800 |   5 |  734.8 |
               +--------+--------+--------+--------+--------+-----+--------+

Top non-repeatable levels by time:
     D:1: 959 daAuts
     D:4: 880 daAuts
     D:3: 829 daAuts
     D:2: 818 daAuts
     D:5: 187 daAuts
